 Dungeon Crawl Stone Soup version 0.19-a0-872-g3103843 (webtiles) character file.

110 CabbageHands the Poker (level 4, -5/37 HPs)
             Began as a Minotaur Gladiator on July 3, 2016.
             Was an Initiate of Qazlal.
             Killed from afar by Terence (8 damage)
             ... with a wand of flame
             ... on level 3 of the Dungeon.
             The game lasted 00:04:25 (1729 turns).

CabbageHands the Poker (Minotaur Gladiator)         Turns: 1729, Time: 00:04:25

Health: -5/37      AC:  5    Str: 21    XL:     4   Next: 61%
Magic:  3/3        EV: 12    Int:  5    God:    Qazlal [......]
Gold:   137        SH:  0    Dex: 10    Spells: 0 memorised, 3 levels left

rFire  . . .     SeeInvis .     a - +0 trident
rCold  . . .     Gourm    .     l - +0 ring mail
rNeg   . . .     Faith    .     (no shield)
rPois  .         Spirit   .     c - +0 hat
rElec  .         Dismiss  .     (no cloak)
rCorr  .         Reflect  .     (no gloves)
SustAt .         Harm     .     (no boots)
MR     .....                    (no amulet)
Stlth  ..........               (no ring)
                                (no ring)

@: hasted, very quick, not resistant to hostile enchantments, extremely
unstealthy
A: retaliatory headbutt, horns 2
a: Renounce Religion


You were on level 3 of the Dungeon.
You worshipped Qazlal.
Qazlal was noncommittal.
You were not hungry.

You visited 1 branch of the dungeon, and saw 3 of its levels.

You collected 137 gold pieces.

Inventory:

Hand Weapons
 a - a +0 trident (weapon)
Missiles
 d - a throwing net (quivered)
Armour
 b - a +0 leather armour
 c - a +0 hat (worn)
 l - a +0 ring mail (worn)
Jewellery
 m - a cursed amulet of inaccuracy {unknown}
Scrolls
 e - 2 scrolls of immolation {unknown}
 g - a scroll of identify {unknown}
 i - 2 scrolls of enchant armour {unknown}
 j - a scroll of teleportation {unknown}
 n - a scroll of random uselessness {unknown}
 o - a scroll of recharging {unknown}
Potions
 h - a potion of haste
 p - 2 potions of brilliance {unknown}
Comestibles
 f - 2 bread rations
 k - a chunk of flesh


   Skills:
 - Level 2.4 Fighting
 + Level 5.4 Polearms
 - Level 2.0 Throwing
 + Level 3.3 Armour
 - Level 3.2 Dodging


You had 3 spell levels left.
You didn't know any spells.

Dungeon Overview and Level Annotations

Branches:
Dungeon (3/15)

Altars:
Kikubaaqudgha
Qazlal

Annotations:
D:3 Terence


Innate Abilities, Weirdness & Mutations

You reflexively headbutt those who attack you in melee.
You have a pair of horns on your head.


Message History

Terence is heavily wounded.
Terence zaps a wand.
The puff of flame hits you!
Throwing (i - inventory):
d - 2 throwing nets (quivered)
Press: ? - help, Shift-Dir - straight line, f/p - Terence
Aim: Terence, wielding a hand axe of flaming, wearing a scale mail and carrying a wand of flame {zapped: 4} (heavily wounded, unusually strong)
You throw a throwing net. The throwing net hits Terence.
Terence is caught in the net!
Terence is heavily wounded.
Terence zaps a wand.
The puff of flame hits you!
* * * LOW HITPOINT WARNING * * *
Terence struggles against the net.
You are too injured to fight recklessly!
You hit Terence but do no damage. You headbutt Terence, but do no damage.
Terence is heavily wounded.
You hit Terence but do no damage.
Terence is heavily wounded.
Terence struggles against the net.
It was a potion of haste.
You feel yourself speed up.
Terence zaps a wand.
The puff of flame hits you!
You die...

##### ##...##
#.(... #..♣..##
#.... .(...[.#
#.).. .♣.....# ...
....<).# ...
.♣..†..# #.#
.......# #@#
#..♣†.## #@#
##..)###### #.#
..........######.#
.............[...#
.............#####
.............#
.....(.......#
.....).......#
.........[...#


You could see Terence (caught).

Vanquished Creatures
  3 adders
  4 worms
  4 dart slugs
  A giant gecko (D:2)
  3 orcs
  11 bats
  5 goblins
  7 hobgoblins (D:1)
  4 jackals
  8 kobolds
  4 giant newts
  6 rats
60 creatures vanquished.

Notes
Turn   | Place    | Note
-------+----------+-------------------------------------------
     0 | D:1      | CabbageHands the Minotaur Gladiator began the quest for the Orb.
     0 | D:1      | Reached XP level 1. HP: 18/18 MP: 0/0
   176 | D:1      | Reached skill level 4 in Polearms
   176 | D:1      | Reached skill level 1 in Armour
   211 | D:1      | Reached XP level 2. HP: 21/25 MP: 1/1
   685 | D:1      | Reached XP level 3. HP: 28/30 MP: 2/2
   871 | D:2      | Found an ancient bone altar of Kikubaaqudgha.
   971 | D:2      | Reached skill level 5 in Polearms
  1039 | D:2      | Found a stormy altar of Qazlal.
  1154 | D:2      | Became a worshipper of Qazlal Stormbringer
  1193 | D:2      | Reached XP level 4. HP: 37/37 MP: 3/3
  1717 | D:3      | Noticed Terence
  1729 | D:3      | Killed from afar by Terence

Vault maps used:
D:1:      dpeg_cavernosity, minivault_25, corexii_item_surrounded_by_moat,
          minmay_split_cup_small
D:2:      nicolae_overflow_crystal_walls, grunt_qazlal_clouds
D:3:      minmay_roachtagon, general_overflow_altar, minmay_door_square,
          grunt_ministairs_9, uniq_terence, uniq_robin

Skill      XL: |  1  2  3  4 |
---------------+-------------+-----
Polearms       | 4 5 |  5.4
Armour         | 1 2 3 |  3.3
Fighting       | |  2.4
Throwing       | |  2.0
Dodging        | |  3.2

Action                   |  1- 3 |  4- 6 || total
-------------------------+-------+-------++-------
Melee: Trident           |    90 |    30 ||   120
       Headbutt          |     7 |     3 ||    10
Throw: Throwing net      |       |     2 ||     2
  Use: Potion            |       |     1 ||     1
  Eat: Chunk             |     1 |     2 ||     3
Armor: Leather armour    |    14 |       ||    14
       Ring mail         |       |     4 ||     4
Dodge: Dodged            |    33 |    14 ||    47
